 Dungeon Crawl Stone Soup version 0.29.1-15-g9cfb28693d (webtiles) character file.

Game seed: 16484367306894298612

36 zeram the Shield-Bearer (level 3, 0/35 HPs)
             Began as a Gnoll Fighter on Apr 24, 2023.
             Killed from afar by Natasha (5 damage)
             ... with a magic dart
             ... on level 2 of the Dungeon.
             The game lasted 00:01:18 (1002 turns).

zeram the Shield-Bearer (Gnoll Fighter)             Turns: 1002, Time: 00:01:19

Health: 0/35       AC:  7    Str: 15    XL:     3   Next: 37%
Magic:  4/4        EV:  9    Int:  9    God:
Gold:   37         SH:  5    Dex: 11    Spells: 3/3 levels left

rFire   . . .      SeeInvis .   a - +0 war axe
rCold   . . .      Faith    .   c - +0 buckler
rNeg    . . .      Spirit   .   b - +0 scale mail
rPois   .          Reflect  .   (no helmet)
rElec   .          Harm     .   (no cloak)
rCorr   .          Rampage  .   (no gloves)
Will    .....                   (no boots)
Stlth   ..........              (no amulet)
HPRegen 0.11/turn               (no ring)
MPRegen 0.09/turn               (no ring)

@: slowed, very slow
A: fangs 1, strong nose, distributed training
a: no special abilities


You were on level 2 of the Dungeon.
You visited 1 branch of the dungeon, and saw 2 of its levels.

You collected 37 gold pieces.

Inventory:

Hand Weapons
 a - a +0 war axe (weapon)
Armour
 b - a +0 scale mail (worn)
 c - a +0 buckler (worn)
Jewellery
 i - a +4 ring of protection
Scrolls
 h - a scroll of poison
Potions
 d - a potion of might
 e - a potion of curing {unknown}
 f - a potion of brilliance {unknown}
 g - 2 potions of mutation {unknown}


   Skills:
 + Level 6.5 Fighting
 + Level 0.8 Short Blades
 + Level 0.8 Long Blades
 + Level 4.5 Axes
 + Level 0.8 Maces & Flails
 + Level 0.8 Polearms
 + Level 0.8 Staves
 + Level 0.8 Ranged Weapons
 + Level 0.8 Throwing
 + Level 6.5 Armour
 + Level 0.8 Dodging
 + Level 0.8 Stealth
 + Level 6.5 Shields
 + Level 0.8 Unarmed Combat
 + Level 0.8 Spellcasting
 + Level 0.5 Conjurations
 + Level 0.5 Hexes
 + Level 0.5 Summonings
 + Level 0.5 Necromancy
 + Level 0.5 Translocations
 + Level 0.5 Transmutations
 + Level 0.5 Fire Magic
 + Level 0.5 Ice Magic
 + Level 0.5 Air Magic
 + Level 0.5 Earth Magic
 + Level 0.5 Poison Magic
 + Level 1.0 Invocations
 + Level 0.8 Evocations


You had 3 spell levels left.
You didn't know any spells.
Your spell library was empty.

Dungeon Overview and Level Annotations

Branches:
Dungeon (2/15)

Altars:

Annotations:
D:2 Natasha


Innate Abilities, Weirdness & Mutations

You have very sharp teeth.
Your uncanny sense of smell can sniff out nearby items.
Your experience applies equally to all skills.


Message History

Okay, then.
You hit the crimson imp but do no damage.
Your bite misses the crimson imp. You block the crimson imp's attack.
You closely miss the crimson imp.
The crimson imp blinks!
Natasha casts a spell at you. You resist with significant effort.
You closely miss the crimson imp. The crimson imp barely misses you.
The goblin throws a stone.
The stone barely misses you.
You hit the crimson imp but do no damage.
The crimson imp blinks!
Natasha stares at you and mumbles some strange words.
You feel yourself slow down.
You slash the goblin!
You kill the goblin!
Unknown command.
Natasha stares at you and mumbles some strange words.
You feel as though you will be slow longer.
You barely miss Natasha.
Natasha is lightly wounded.
The crimson imp blinks!
Natasha casts a spell at you. The magic dart hits you.
The crimson imp hits you but does no damage.
You block Natasha's attack.
You closely miss Natasha.
Natasha is lightly wounded.
You closely miss the crimson imp.
The crimson imp hits you but does no damage.
Natasha casts a spell at you. The magic dart hits you.
The crimson imp closely misses you. Natasha closely misses you.
You barely miss Natasha.
Natasha is lightly wounded.
You closely miss the crimson imp.
The crimson imp disappears in a puff of smoke!
Natasha claws you!
* * * LOW HITPOINT WARNING * * *
Natasha stares at you and mumbles some strange words.
The magic dart hits you.
You die...

..###..#......#.#.#
............#.#.#.#
..............#.#.#
#####.......###...#
...........h..#.##
##.........5.....#
#.....#)####.#.##
#.....#ยง#....#.#
.......#.@h...#.#
#......########.#
#...... ..( #....#.
### #......


You could see Natasha.

Vanquished Creatures
  2 dart slugs
  2 endoplasms (D:1)
  3 giant cockroaches (D:1)
  4 goblins
  5 hobgoblins
  4 kobolds
  A quokka (D:1)
  2 ball pythons
  A bat (D:1)
  2 frilled lizards
  2 rats (D:1)
28 creatures vanquished.

Notes
Turn   | Place    | Note
-------+----------+-------------------------------------------
     0 | D:1      | zeram the Gnoll Fighter began the quest for the Orb.
     0 | D:1      | Reached XP level 1. HP: 23/23 MP: 1/1
    32 | D:1      | Found a faded altar of an unknown god.
    66 | D:1      | Reached XP level 2. HP: 29/29 MP: 2/2
   557 | D:2      | Reached XP level 3. HP: 33/35 MP: 3/3
   879 | D:2      | Reached skill level 1 in Invocations
   960 | D:2      | Noticed Natasha
  1002 | D:2      | Killed from afar by Natasha

Illustrated notes

Levels and vault maps discovered:
D:1:      dpeg_arrival_stonehenge_8_columns, layout_rooms,
          hellmonk_ecumenical_altar_run_dry
D:2:      layout_basic, minmay_heptomino_h4, uniq_natasha,
          uniq_crazy_yiuf_cottage, uniq_sigmund

Skill      XL: |  1  2  3 |
---------------+----------+-----
Invocations    | 1 |  1.0
Fighting       | |  6.5
Short Blades   | |  0.8
Long Blades    | |  0.8
Axes           | |  4.5
Maces & Flails | |  0.8
Polearms       | |  0.8
Staves         | |  0.8
Ranged Weapons | |  0.8
Throwing       | |  0.8
Armour         | |  6.5
Dodging        | |  0.8
Stealth        | |  0.8
Shields        | |  6.5
Unarmed Combat | |  0.8
Spellcasting   | |  0.8
Conjurations   | |  0.5
Hexes          | |  0.5
Summonings     | |  0.5
Necromancy     | |  0.5
Translocations | |  0.5
Transmutations | |  0.5
Fire Magic     | |  0.5
Ice Magic      | |  0.5
Air Magic      | |  0.5
Earth Magic    | |  0.5
Poison Magic   | |  0.5
Evocations     | |  0.8

Action                   || total
-------------------------++-------
Melee: War axe           ||    95
       Bite              ||    10
  Use: Scroll            ||     1
Armor: Scale mail        ||    34
Dodge: Dodged            ||    39
Block: Buckler           ||    26
